 Dungeon Crawl Stone Soup version 0.28.0-49-g6dfe1f597d (webtiles) character file.

Game seed: 17552489227203555942

7 CryoSword the Insei (level 1, 0/16 HPs)
             Began as a Demigod Transmuter on May 16, 2022.
             Succumbed to a goblin's poison
             ... on level 1 of the Dungeon.
             The game lasted 00:00:17 (111 turns).

CryoSword the Insei (Demigod Transmuter)             Turns: 111, Time: 00:00:18

Health: 0/16       AC:  2    Str: 11    XL:     1   Next: 66%
Magic:  4/5        EV: 12    Int: 15    God:
Gold:   0          SH:  0    Dex: 14    Spells: 2/3 levels left

rFire   . . .      SeeInvis .     - Unarmed
rCold   . . .      Faith    .   (no shield)
rNeg    . . .      Spirit   .   a - +0 robe
rPois   .          Reflect  .   (helmet currently unavailable)
rElec   .          Harm     .   (no cloak)
rCorr   .          Rampage  .   (no gloves)
Will    .....                   (boots currently unavailable)
Stlth   +.........              (no amulet)
HPRegen 0.05/turn               (no ring)
MPRegen 0.09/turn               (no ring)

@: lethally poisoned (0 -> -2), appendages (expiring)
A: horns 2, talons 2, high MP 1, forlorn, divine attributes
a: End Transformation


You were on level 1 of the Dungeon.
You had temporarily grown beastly horns and talons.
You visited 1 branch of the dungeon, and saw 1 of its levels.

Inventory:

Armour
 a - a +0 robe (worn)


   Skills:
 + Level 1.1 Fighting
 + Level 1.9 Dodging
 + Level 2.8 Unarmed Combat
 + Level 1.9 Spellcasting
 + Level 1.9 Transmutations


You had 2 spell levels left.
You knew the following spells:

 Your Spells              Type           Power      Damage    Failure   Level
a - Beastly Appendage     Tmut           14%        N/A       11%         1

Your spell library contained the following spells:

 Spells                   Type           Power      Damage    Failure   Level
 Wereblood                Tmut           7%         N/A       16%         2
 Spider Form              Tmut/Pois      4%         N/A       41%         3
 Ice Form                 Ice/Tmut       4%         N/A       83%         4


Dungeon Overview and Level Annotations

Branches:
Dungeon (1/15)


Innate Abilities, Weirdness & Mutations

You have temporarily grown beastly horns and talons.
You have an increased reservoir of magic. (+10% MP)
You shall have no god before yourself.
Your divine heritage dramatically boosts your attributes as you level up.


Message History

Welcome, CryoSword the Demigod Transmuter.
Are you destined to find the majestic Orb of Zot, or to die trying?
Found 23 stones.
Found a staircase leading out of the dungeon.
You see here 23 stones.
A hobgoblin comes into view.
A hobgoblin is nearby!
You grow a pair of large bovine horns.
Your feet morph into talons.
No target in view!
No target in view!
Your transformation is almost over.
A hobgoblin is nearby!
A hobgoblin is nearby!
You hit the hobgoblin. You claw the hobgoblin. The hobgoblin hits you.
You barely miss the hobgoblin. You claw the hobgoblin.
You kill the hobgoblin!
No target in view!
No target in view!
Your horns disappear.
Your talons disappear.
A kobold comes into view. It is wielding a +0 short sword.
The kobold shouts!
You see here a hobgoblin corpse.
A kobold is nearby!
A kobold is nearby!
A kobold is nearby!
The kobold throws a stone.
The stone hits you.
A bat and a frilled lizard come into view.
You grow a pair of large bovine horns.
Your feet morph into talons.
The frilled lizard hisses angrily.
You hear an angry hiss.
The bat hits you but does no damage.
The kobold throws a stone.
The stone misses you.
Found an escape hatch in the floor.
The bat hits you but does no damage. The bat closely misses you.
A ball python comes into view.
An endoplasm comes into view.
You barely miss the bat. The bat barely misses you.
The bat hits you but does no damage.
You hit the bat but do no damage.
Your transformation is almost over.
The bat barely misses you.
The kobold throws a stone.
The stone misses you.
The stone barely misses the bat.
You closely miss the bat. Your kick misses the bat. Your punch misses the bat.
The bat misses you. The bat closely misses you.
You hit the bat. Your headbutt misses the bat. You punch the bat.
You kill the bat!
The frilled lizard misses you.
The kobold hits you with a +0 short sword.
Your Fighting skill increases to level 1!
You hit the frilled lizard.
You kill the frilled lizard!
The kobold hits you with a +0 short sword.
You are too injured to fight recklessly!
You are too injured to fight recklessly!
You see here a bat corpse.
You hit the ball python. You claw the ball python.
You kill the ball python!
You hit the kobold but do no damage. The kobold closely misses you.
You closely miss the kobold.
The kobold hits you with a +0 short sword.
You closely miss the kobold.
The kobold hits you with a +0 short sword.
You closely miss the kobold. Your kick misses the kobold.
The kobold hits you with a +0 short sword.
* * * LOW HITPOINT WARNING * * *
You hit the kobold.
You kill the kobold!
The endoplasm hits you but does no damage.
You barely miss the endoplasm. You claw the endoplasm.
Your horns disappear.
Your talons disappear.
You hit the endoplasm. The endoplasm closely misses you.
You grow a pair of large bovine horns.
Your feet morph into talons.
The endoplasm barely misses you.
You hit the endoplasm.
You kill the endoplasm!
You start resting.
Your transformation is almost over.
You start resting.
Your horns disappear.
Your talons disappear.
A goblin comes into view.
It is wielding a +0 club and quivering poisoned darts.
You are too injured to fight recklessly!
You grow a pair of large bovine horns.
Your feet morph into talons.
The goblin shouts!
Your transformation is almost over.
You are too injured to fight recklessly!
You are too injured to fight recklessly!
The goblin throws a poisoned dart.
The poisoned dart hits you!
You are poisoned.
* * * LOW HITPOINT WARNING * * *
You feel sick.
Things that are here:
a +0 short sword; 5 stones
* * * LOW HITPOINT WARNING * * *
You feel sick. The goblin barely misses you.
You see here a frilled lizard corpse.
You hit the goblin. Your kick misses the goblin.
* * * LOW HITPOINT WARNING * * *
You feel sick. The goblin closely misses you.
You closely miss the goblin. Your kick misses the goblin.
You headbutt the goblin.
* * * LOW HITPOINT WARNING * * *
You feel sick. The goblin hits you with a +0 club.
* * * LOW HITPOINT WARNING * * *
You hit the goblin.
You kill the goblin!
You die...

...... ......
####......
......... ..
......... .
....###......#
..........)....#
.....####@.....#
.......†)......#
.>...####.....##
.## ##.......#
#######.†#.....#
.#≈≈≈≈≈...#######
.≈≈≈≈≈....#
.≈≈≈≈≈..(.#
.≈≈≈≈≈....#


There were no monsters in sight!

Vanquished Creatures
  A ball python (D:1)
  A bat (D:1)
  An endoplasm (D:1)
  A goblin (D:1)
  A hobgoblin (D:1)
  A frilled lizard (D:1)
  A kobold (D:1)
7 creatures vanquished.

Notes
Turn   | Place    | Note
-------+----------+-------------------------------------------
     0 | D:1      | CryoSword the Demigod Transmuter began the quest for the
                  | Orb.
     0 | D:1      | Reached XP level 1. HP: 15/15 MP: 5/5
    49 | D:1      | Reached skill level 1 in Fighting
   111 | D:1      | Succumbed to a goblin's poison

Illustrated notes

Levels and vault maps discovered:
D:1:      dpeg_arrival_pond, layout_basic, minmay_crystal_water

Skill      XL: |  1 |
---------------+----+-----
Fighting       | 1 |  1.1
Dodging        | |  1.9
Unarmed Combat | |  2.8
Spellcasting   | |  1.9
Transmutations | |  1.9

Action                   || total
-------------------------++-------
Melee: Unarmed           ||    19
       Kick              ||     4
       Headbutt          ||     1
       Punch             ||     1
 Cast: Beastly Appendage ||     4
Armor: Robe              ||     4
Dodge: Dodged            ||    13
